 Dungeon Crawl Stone Soup version 0.23-a0-358-g98c7a59 (webtiles) character file.

609 BingusPrime the Ruffian (level 7, -3/55 (57) HPs)
             Began as a Ghoul Gladiator on Oct 22, 2018.
             Slain by a slave (7 damage)
             ... led by Pikel
             ... on level 4 of the Dungeon.
             The game lasted 00:10:31 (2990 turns).

BingusPrime the Ruffian (Ghoul Gladiator)           Turns: 2990, Time: 00:10:31

HP:   -3/55 (57)    AC:  7    Str: 18    XL:     7   Next: 43%
MP:   6/6           EV: 12    Int:  6    God:
Gold: 170           SH:  0    Dex: 11    Spells: 6/6 levels left

rFire    . . .     SeeInvis .   g - +2 scimitar
rCold    + . .     Gourm    .   (no shield)
rNeg     + + +     Faith    .   s - +0 ring mail
rPois    ∞         Spirit   .   m - +1 helmet
rElec    .         Reflect  .   (no cloak)
rCorr    .         Harm     .   (no gloves)
MR       .....                  (no boots)
Stlth    +.........             (no amulet)
HPRegen  0.00/turn              o - +2 ring of intelligence
MPRegen  0.10/turn              (no ring)

@: rotting
A: rotting body, claws 1, carnivore, cold resistance 1, negative energy
resistance 3, inhibited regeneration, torment resistance, unbreathing
a: no special abilities


You were on level 4 of the Dungeon.
You were not hungry.

You visited 1 branch of the dungeon, and saw 4 of its levels.

You collected 170 gold pieces.

Inventory:

Hand Weapons
 e - a +5 flail
 g - a +2 scimitar (weapon)
Missiles
 c - 2 throwing nets (quivered)
 f - 4 tomahawks
Armour
 a - a +0 leather armour
 b - a +0 helmet
 m - a +1 helmet (worn)
 s - a +0 ring mail (worn)
Jewellery
 o - a +2 ring of intelligence (left claw)
 t - a +2 ring of dexterity {unknown}
Scrolls
 i - 3 scrolls of fog {unknown}
 n - a scroll of blinking {unknown}
 p - 2 scrolls of magic mapping {unknown}
 q - a scroll of amnesia {unknown}
 r - 4 scrolls of identify
Potions
 h - 2 potions of brilliance {unknown}
 j - a potion of curing {unknown}
 k - a potion of mutation {unknown}
 l - a potion of berserk rage {unknown}
Comestibles
 d - 5 rations


   Skills:
 + Level 3.1 Fighting
 + Level 2.7 Long Blades
 + Level 0.3 Maces & Flails
 + Level 2.0 Throwing
 + Level 2.5 Armour
 + Level 4.0 Dodging
 + Level 1.4 Stealth
 + Level 5.9 Unarmed Combat


You had 6 spell levels left.
You didn't know any spells.
Your spell library was empty.

Dungeon Overview and Level Annotations

Branches:
Dungeon (4/15)
 Temple: D:4-7

Altars:
Cheibriados

Annotations:
D:4 Pikel


Innate Abilities, Weirdness & Mutations

Your body is rotting away.
You thrive on raw meat.
You are immune to poison.
You have sharp fingernails.
You are carnivorous and can eat meat at any time.
Your flesh is cold resistant. (rC+)
You are immune to negative energy. (rN+++)
You do not regenerate when monsters are visible.
You are immune to unholy pain and torment.
You can survive without breathing.


Message History

You closely miss Pikel.
Pikel is moderately wounded.
The slave misses you. The slave hits you but does no damage.
Pikel hits you with a +1 whip of freezing.
* * * LOW HITPOINT WARNING * * *
The slave misses you.
You riposte.
You closely miss the slave.
Unknown command.
You slash Pikel!
Pikel is heavily wounded.
Pikel barely misses you. The slave hits you.
* * * LOW HITPOINT WARNING * * *
The slave hits you.
* * * LOW HITPOINT WARNING * * *
Unknown command.
You barely miss Pikel. Your claw misses Pikel.
Pikel is heavily wounded.
Pikel closely misses you.
You riposte.
You miss Pikel.
Pikel is heavily wounded.
The slave hits you but does no damage. The slave hits you!
You die...

###### ##### #######.....
.....# #...........
......### #.....(.....
........## ##..........
.......pp#####...........
.....(pK@................
.......##[..#...#........
......# ##..##...#.......
.....# #..##...##......
....# #...##...#######
..## ##..###..# #..#
#..## #..# ##..# #..#
#..## ###


You could see Pikel and 3 slaves.

Vanquished Creatures
  Menkaure (D:4)
  A slave (D:4)
  An ogre (D:2)
  A scorpion (D:2)
  3 wights (D:2)
  A bullfrog skeleton (D:4)
  An orc priest (D:3)
  Terence (D:3)
  5 adders
  A worm (D:2)
  4 dart slugs
  3 leopard geckos
  9 orcs
  2 giant cockroaches
  11 goblins
  6 hobgoblins
  12 jackals
  15 bats
  5 frilled lizards
  6 kobolds
  A leopard gecko skeleton (D:2)
  9 rats
99 creatures vanquished.

Notes
Turn   | Place    | Note
-------+----------+-------------------------------------------
     0 | D:1      | BingusPrime the Ghoul Gladiator began the quest for the
                  | Orb.
     0 | D:1      | Reached XP level 1. HP: 17/17 MP: 0/0
   120 | D:1      | Reached XP level 2. HP: 21/24 MP: 1/1
   511 | D:1      | Found a snail-covered altar of Cheibriados.
   734 | D:2      | Reached XP level 3. HP: 30/30 MP: 2/2
   878 | D:2      | Noticed a scorpion
   900 | D:2      | Killed a scorpion
   900 | D:2      | Reached skill level 4 in Unarmed Combat
   900 | D:2      | Reached XP level 4. HP: 16/37 MP: 3/3
  1254 | D:2      | Reached skill level 1 in Armour
  1322 | D:2      | Reached skill level 5 in Unarmed Combat
  1322 | D:2      | Reached XP level 5. HP: 37/42 MP: 4/4
  1470 | D:2      | Reached XP level 6. HP: 22/50 MP: 5/5
  1725 | D:2      | Reached skill level 1 in Stealth
  1969 | D:3      | Noticed Terence
  1986 | D:3      | Killed Terence
  1986 | D:3      | Reached skill level 1 in Long Blades
  2282 | D:3      | Reached XP level 7. HP: 44/56 MP: 6/6
  2617 | D:4      | Noticed Menkaure
  2626 | D:4      | Killed Menkaure
  2980 | D:4      | Noticed Pikel
  2990 | D:4      | Slain by a slave

Vault maps used:
D:1:      sevenhm_arrival_forest_fort_large_4, grunt_decor_cap,
          cheibriados_altar_1
D:2:      first_ration
D:3:      uniq_terence
D:4:      roderic_lattice_a, chequers_serial_rivers_small_3, uniq_pikel,
          uniq_grinder, uniq_menkaure

Skill      XL: |  1  2  3  4  5  6  7 |
---------------+----------------------+-----
Dodging        | 3 4 |  4.0
Throwing       | 2 |  2.0
Unarmed Combat | 4 5 |  5.9
Armour         | 1 2 |  2.5
Stealth        | 1 |  1.4
Long Blades    | 1 2 |  2.7
Fighting       | 3 |  3.1
Maces & Flails | |  0.3

Action                   |  1- 3 |  4- 6 |  7- 9 || total
-------------------------+-------+-------+-------++-------
Melee: Unarmed           |    91 |    75 |       ||   166
       Punch             |       |     4 |     3 ||     7
       Flail             |       |     8 |       ||     8
       Scimitar          |       |    98 |    43 ||   141
Throw: Throwing net      |       |     1 |       ||     1
  Use: Scroll            |       |     3 |       ||     3
 Stab: Sleeping          |       |     2 |       ||     2
  Eat: Chunk             |     4 |    12 |     1 ||    17
Armor: Leather armour    |    28 |    63 |       ||    91
       Ring mail         |       |       |    15 ||    15
Dodge: Dodged            |    69 |   157 |    31 ||   257
       Rpst.: Scimitar   |       |    38 |     8 ||    46

Table legend:
 A = Non-vault XP
 B = Vault XP
 C = Vault XP percentage of total XP
 D = Non-vault monster count
 E = Vault monster count
 F = Vault count percentage of total count
                 A         B        C        D         E       F
            +---------+---------+-------+---------+---------+-------
      Total |     669 |     201 |  23.1 |      96 |       2 |   2.0
            +---------+---------+-------+---------+---------+-------
        D:1 |      32 |       0 |   0.0 |      22 |       0 |   0.0
        D:2 |     453 |       0 |   0.0 |      30 |       0 |   0.0
        D:3 |     139 |      36 |  20.6 |      42 |       1 |   2.3
        D:4 |      45 |     165 |  78.6 |       2 |       1 |  33.3
            +---------+---------+-------+---------+---------+-------
